 Dungeon Crawl Stone Soup version 0.27-a0-29-g2d0a2396b0 (webtiles) character file.

Game seed: 5444566658967253348

1787 wakim the Covert (level 8, -4/41 HPs)
             Began as a Deep Elf Conjurer on Jan 3, 2021.
             Was an Initiate of Vehumet.
             Slain by an ogre
             ... wielding a +0 giant club
              (11 damage)
             ... on level 5 of the Dungeon.
             The game lasted 00:35:09 (6020 turns).

wakim the Covert (Deep Elf Conjurer)                Turns: 6020, Time: 00:35:10

Health: -4/41      AC:  6    Str:  4    XL:     8   Next: 82%
Magic:  17/20      EV: 15    Int: 26    God:    Vehumet [......]
Gold:   203        SH:  5    Dex: 13    Spells: 10/21 levels left

rFire    . . .     SeeInvis .   x - +0 quarterstaff (speed)
rCold    . . .     Faith    .   (shield currently unavailable)
rNeg     . . .     Spirit   .   h - +2 robe {Will+}
rPois    .         Reflect  +   c - +2 hat
rElec    .         Harm     .   (no cloak)
rCorr    .         Rampage  .   (no gloves)
Will     +....                  (no boots)
Stlth    ++++......             g - amulet of reflection
HPRegen  0.13/turn              (no ring)
MPRegen  0.17/turn              (no ring)

@: no status effects
A: no striking features
a: Renounce Religion


You were on level 5 of the Dungeon.
You worshipped Vehumet.
Vehumet was noncommittal.
You visited 2 branches of the dungeon, and saw 7 of its levels.
You also visited: Ossuary.

You collected 203 gold pieces.

Inventory:

Hand Weapons
 a - a +2 vampiric dagger
 b - a +1 rapier
 p - a +7 club
 x - a +0 quarterstaff of speed (weapon)
Armour
 c - a +2 hat (worn)
 h - a +2 robe of willpower (worn)
Jewellery
 g - an amulet of reflection (around neck)
 v - an uncursed ring of ice
 w - an uncursed ring of fire {unknown}
Wands
 q - a wand of digging (6)
Scrolls
 d - 5 scrolls of remove curse
 e - 4 scrolls of teleportation
 j - 2 scrolls of identify
 n - a scroll of magic mapping
 u - 2 scrolls of fear
Potions
 f - a potion of brilliance
 i - 4 potions of heal wounds
 k - a potion of lignification {unknown}
 l - a potion of magic {unknown}
 m - a potion of flight {unknown}
 o - a potion of curing {unknown}
 r - a potion of cancellation {unknown}
 s - a potion of attraction {unknown}
 t - a potion of berserk rage {unknown}


   Skills:
 + Level 0.0 Staves
 * Level 5.8 Dodging
 + Level 8.2 Stealth
 + Level 7.3 Spellcasting
 + Level 8.0 Conjurations
 + Level 4.0 Hexes
 + Level 0.0 Translocations


You had 10 spell levels left.
You knew the following spells:

 Your Spells              Type           Power        Failure   Level
a - Magic Dart            Conj           100%         1%          1
b - Searing Ray           Conj           100%         1%          2
c - Fulminant Prism       Conj/Hex       20%          5%          4
d - Iskenderun's Mystic   Conj/Tloc      30%          12%         4

Your spell library contained the following spells:

 Spells                   Type           Power        Failure   Level
 Dazzling Flash           Conj/Hex       80%          1%          3
 Stone Arrow              Conj/Erth      60%          3%          3
 Sandblast                Erth           18%          6%          1
 Passwall                 Tmut/Erth      7%           10%         2
 Petrify                  Tmut/Erth      9%           52%         4
 Lee's Rapid Deconstruct  Erth           4%           86%         5


Dungeon Overview and Level Annotations

Branches:
Dungeon (6/15)             Temple (1/1) D:4         Ossuary (visited)

Altars:
Cheibriados
Elyvilon
Fedhas
Gozag
Hepliaklqana
Kikubaaqudgha
Makhleb
Nemelex Xobeh
Okawaru
Qazlal
Ru
Sif Muna
Trog
Uskayaw
Vehumet
Wu Jian
Xom
Yredelemnul
Zin
The Shining One


Message History

The adder zombie closely misses you. The ogre closely misses you.
The adder zombie bites you but does no damage.
There is a stone staircase leading up here.
The centaur zombie hits you. The ogre closely misses you.
The adder zombie completely misses you. The scorpion closely misses you.
You climb upwards.
There is a stone staircase leading down here.
Casting: Magic Dart (safe; 1% risk of failure)
Confirm with . or Enter, or press ? or * to list all spells.
Aiming: Searing Ray (safe; 1% risk of failure)
Press: ? - help, Shift-Dir - straight line, f - ogre
Aim: an ogre, wielding a +0 giant club (8% to evade)
The searing ray hits the ogre!
The ogre is moderately wounded. (Press . to maintain the ray.)
The ogre hits you with a +0 giant club!!
Ouch! That really hurt!
* * * LOW HITPOINT WARNING * * *
The searing ray misses the ogre.
The ogre hits you with a +0 giant club!
You die...

#..##..### #.# #.##
#..###.# #.# #.##
##..###.######.###.##
#..................##
#...###.####.#.######
#...###.# #.#.# #
#..>.##.# #.#.# #
#..#O##.# #.#.######
#..#@##.# #..#......
#....##.####.###.####
#.#..##.......#.#####
#.#..#######.........
##.#............###...
#...............# #.##
#.#####..#####.[###.##
#.# #...............
#.# #..#####.#.##.##


You could see an ogre.

Vanquished Creatures
  Pikel (D:5)
  Grinder (D:5)
  A wraith (Ossuary)
  2 ice beasts (D:5)
  An ogre (D:4)
  2 phantoms (D:4)
  A lemure (D:5)
  A howler monkey (D:4)
  A centaur skeleton (D:4)
  An orc priest (D:3)
  3 hounds (D:4)
  Jessica (D:2)
  2 iguanas (D:4)
  2 worker ants
  A mummy (Ossuary)
  Robin (D:2)
  11 adders
  2 white imps (D:5)
  2 worms
  A dart slug (D:1)
  3 leopard geckos
  10 orcs
  3 giant cockroaches
  15 goblins
  6 hobgoblins
  3 jackals (D:2)
  11 kobolds
  2 quokkas (D:3)
  4 bats
  6 frilled lizards
  8 gnoll skeletons (Ossuary)
  4 kobold skeletons (Ossuary)
  13 orc skeletons (Ossuary)
  A quokka skeleton (D:4)
  8 rats
135 creatures vanquished.

Vanquished Creatures (others)
  3 fulminant prisms (D:5)
3 creatures vanquished.

Grand Total: 138 creatures vanquished

Notes
Turn   | Place    | Note
-------+----------+-------------------------------------------
     0 | D:1      | wakim the Deep Elf Conjurer began the quest for the Orb.
     0 | D:1      | Reached XP level 1. HP: 10/10 MP: 6/6
   288 | D:1      | Reached XP level 2. HP: 15/15 MP: 2/8
   654 | D:1      | Learned a level 2 spell: Searing Ray
  1198 | D:2      | Reached skill level 5 in Conjurations
  1198 | D:2      | Reached XP level 3. HP: 19/19 MP: 8/10
  1203 | D:2      | Noticed Robin
  1225 | D:2      | Killed Robin
  1514 | D:2      | Noticed Jessica
  1516 | D:2      | Killed Jessica
  1517 | D:2      | Reached XP level 4. HP: 24/24 MP: 8/12
  1526 | D:2      | Learned a level 4 spell: Fulminant Prism
  1953 | D:2      | Found a white marble altar of Elyvilon.
  1953 | D:2      | Found a shimmering altar of Xom.
  2728 | D:3      | Reached XP level 5. HP: 28/28 MP: 5/13
  3314 | D:4      | Reached skill level 1 in Hexes
  3394 | D:4      | Reached XP level 6. HP: 32/32 MP: 9/15
  3457 | D:4      | Found a stormy altar of Qazlal.
  3458 | D:4      | Noticed a fire elemental
  3460 | D:4      | Noticed a water elemental
  3460 | D:4      | Noticed an air elemental
  3536 | D:4      | Reached skill level 5 in Spellcasting
  3752 | D:4      | Found a sand-covered staircase.
  3760 | Ossuary  | Entered an ossuary
  3760 | Ossuary  | Noticed a wraith
  3760 | Ossuary  | Noticed a wraith
  3760 | Ossuary  | Noticed a wraith
  3855 | Ossuary  | Reached skill level 5 in Stealth
  4161 | Ossuary  | Noticed a wraith
  4183 | Ossuary  | Killed a wraith
  4184 | Ossuary  | Reached XP level 7. HP: 33/36 MP: 8/17
  4801 | D:4      | Learned a level 4 spell: Iskenderun's Mystic Blast
  4901 | D:4      | Found a staircase to the Ecumenical Temple.
  4910 | Temple   | Entered the Ecumenical Temple
  4949 | Temple   | Became a worshipper of Vehumet
  5031 | D:5      | Entered Level 5 of the Dungeon
  5042 | D:5      | Reached XP level 8. HP: 31/41 MP: 10/19
  5139 | D:5      | Noticed Pikel
  5145 | D:5      | Killed Pikel
  5146 | D:5      | Reached skill level 5 in Dodging
  5154 | D:5      | Noticed Grinder
  5159 | D:5      | Killed Grinder
  5392 | D:5      | Found a bloodstained altar of Trog.
  5393 | D:5      | Found an iron altar of Okawaru.
  5517 | D:5      | Found a stormy altar of Qazlal.
  6020 | D:5      | Slain by an ogre

Illustrated notes

Levels and vault maps discovered:
D:1:      saegor_arrival_simple_e, layout_loops_corners
D:2:      layout_basic, gammafunk_temple_overflow_statue, uniq_jessica,
          uniq_robin
D:3:      layout_rooms
D:4:      layout_basic, minmay_temple_entry_fiery, enter_ossuary_2,
          ebering_dispersal_statue_hall, nicolae_qazlal_style_of_elements
D:5:      layout_loops_ring, nicolae_overflow_hidden_temple,
          grunt_temple_overflow_bloody_war, uniq_grinder, uniq_pikel
D:6:      layout_gridville, evilmike_ruin_ashenzari, grunt_decor_arrowhead,
          grunt_ministairs_3, uniq_edmund
Temple:   eino_wide_crystal_templ

Skill      XL: |  1  2  3  4  5  6  7  8 |
---------------+-------------------------+-----
Stealth        | 3 4 5 8 |  8.2
Conjurations   | 5 6 7 8 |  8.0
Spellcasting   | 4 5 6 7 |  7.3
Hexes          | 1 2 3 4 |  4.0
Dodging        | 3 4 5 |  5.8

Action                   |  1- 3 |  4- 6 |  7- 9 || total
-------------------------+-------+-------+-------++-------
Melee: Dagger            |       |     4 |       ||     4
       Club              |       |     2 |     3 ||     5
 Cast: Magic Dart        |    65 |    86 |    24 ||   175
       Searing Ray       |     4 |    18 |    15 ||    37
       Fulminant Prism   |       |       |     3 ||     3
  Use: Scroll            |     3 |     5 |     6 ||    14
       Potion            |       |       |     1 ||     1
Armor: Robe              |     1 |     6 |     2 ||     9
Dodge: Dodged            |     2 |    11 |     7 ||    20
Block: Other             |       |     2 |     5 ||     7

Table legend: (Time is in decaauts)
 A = Elapsed time spent in this place.
 B = Non-inter-level travel time spent in this place.
 C = Inter-level travel time spent in this place.
 D = Time resting spent in this place.
 E = Time spent auto-exploring this place.
 F = Levels seen in this place.
 G = Mean time per level.
                   A        B        C        D        E       F      G
               +--------+--------+--------+--------+--------+-----+--------+
         Total |   6022 |   5829 |    193 |    550 |   3897 |   8 |  752.8 |
       Dungeon |   5376 |   5193 |    183 |    375 |   3640 |   6 |  896.0 |
        Temple |     62 |     52 |     10 |      0 |     33 |   1 |   62.0 |
       Ossuary |    582 |    582 |      0 |    175 |    224 |   1 |  582.0 |
               +--------+--------+--------+--------+--------+-----+--------+

Top non-repeatable levels by time:
     D:2: 1325 daAuts
     D:4: 1274 daAuts
     D:1: 1185 daAuts
     D:5: 896 daAuts
     D:3: 688 daAuts
 Ossuary: 582 daAuts
  Temple: 62 daAuts
     D:6: 6 daAuts
